 Dungeon Crawl Stone Soup version 0.26-a0-652-gafc20e3620 (webtiles) character file.

Game seed: 16177268079213486301

55 robertstho the Chiller (level 3, -6/19 HPs)
             Began as a Deep Elf Ice Elementalist on Oct 2, 2020.
             Mangled by an ogre
             ... wielding a +0 giant club
              (25 damage)
             ... on level 2 of the Dungeon.
             The game lasted 00:02:30 (1548 turns).

robertstho the Chiller (Deep Elf Ice Elementalist)  Turns: 1548, Time: 00:02:31

Health: -6/19      AC:  3    Str:  5    XL:     3   Next: 67%
Magic:  4/10       EV: 13    Int: 20    God:
Gold:   41         SH:  0    Dex: 15    Spells: 5/9 levels left

rFire    . . .     SeeInvis .   g - -1 spear (curse)
rCold    . . .     Faith    .   (no shield)
rNeg     . . .     Spirit   .   a - +0 robe
rPois    .         Reflect  .   (no helmet)
rElec    .         Harm     .   f - +0 cloak
rCorr    .         Rampage  .   (no gloves)
MR       .....                  (no boots)
Stlth    ++........             (no amulet)
HPRegen  0.06/turn              (no ring)
MPRegen  0.12/turn              (no ring)

@: frozen ramparts
A: no striking features
a: no special abilities


You were on level 2 of the Dungeon.
You visited 1 branch of the dungeon, and saw 2 of its levels.

You collected 41 gold pieces.

Inventory:

Hand Weapons
 b - a +0 dagger
 g - a cursed -1 spear (weapon)
Armour
 a - a +0 robe (worn)
 f - a +0 cloak (worn)
Scrolls
 d - 4 scrolls of remove curse {unknown}
 h - a scroll of amnesia {unknown}
 i - a scroll of enchant weapon {unknown}
Potions
 c - 2 potions of mutation {unknown}
 e - a potion of magic {unknown}


   Skills:
 + Level 0.1 Fighting
 + Level 2.6 Dodging
 + Level 3.0 Stealth
 + Level 3.7 Spellcasting
 * Level 5.3 Ice Magic


You had 5 spell levels left.
You knew the following spells:

 Your Spells              Type           Power        Failure   Level
a - Freeze                Ice            ###.         1%          1
b - Frozen Ramparts       Ice            ###...       4%          3

Your spell library contained the following spells:

 Spells                   Type           Power        Failure   Level
 Ozocubu's Armour         Ice            ###.....     4%          3
 Hailstorm                Conj/Ice       ##......     41%         4
 Summon Ice Beast         Ice/Summ       ##......     41%         4


Dungeon Overview and Level Annotations

Branches:
Dungeon (2/15)

Altars:


Message History

The wall freezes the ogre.
The wall freezes the ogre.
The wall freezes the ogre!
The wall freezes the ogre.
Casting: Frozen Ramparts (quite dangerous; 4% risk of failure)
Confirm with . or Enter, or press ? or * to list all spells.
Aiming: Freeze (safe; 1% risk of failure)
Press: ? - help, Shift-Dir - straight line, f - ogre
Aim: an ogre, wielding a +0 giant club (moderately wounded)
You freeze the ogre.
The ogre is heavily wounded.
The frozen ramparts melt away.
The ogre closely misses you.
Casting: Freeze (safe; 1% risk of failure)
Confirm with . or Enter, or press ? or * to list all spells.
The spell is quite dangerous to cast (4% risk of failure)!
Continue anyway?
The walls around you are covered in ice.
The wall freezes the ogre.
The ogre hits you with a +0 giant club!!
Ouch! That really hurt!
You die...

############
#...O@.....###########
#.#######.............
#†# #####..##########.
#O# #......### #.
.............# #.
#..##....#.#)########.
#..##...............#.
#..........#.######...
##.##.######.# #..#


You could see an ogre.

Vanquished Creatures
  3 dart slugs (D:1)
  2 leopard geckos
  A giant cockroach (D:2)
  3 goblins
  4 hobgoblins
  9 jackals
  9 bats
  2 frilled lizards (D:1)
  6 kobolds (D:1)
  4 rats (D:1)
43 creatures vanquished.

Notes
Turn   | Place    | Note
-------+----------+-------------------------------------------
     0 | D:1      | robertstho the Deep Elf Ice Elementalist began the quest
                  | for the Orb.
     0 | D:1      | Reached XP level 1. HP: 10/10 MP: 6/6
   575 | D:1      | Reached XP level 2. HP: 13/15 MP: 5/8
   900 | D:1      | Reached skill level 5 in Ice Magic
  1099 | D:1      | Reached XP level 3. HP: 19/19 MP: 10/10
  1369 | D:2      | Learned a level 3 spell: Frozen Ramparts
  1539 | D:2      | Noticed an ogre
  1548 | D:2      | Mangled by an ogre

Illustrated notes

Levels and vault maps discovered:
D:1:      dpeg_arrival_tiny_j, layout_basic, minmay_door_square
D:2:      layout_loops_ring

Skill      XL: |  1  2  3 |
---------------+----------+-----
Ice Magic      | 5 |  5.3
Stealth        | 3 |  3.0
Fighting       | |  0.1
Dodging        | |  2.6
Spellcasting   | |  3.7

Action                   || total
-------------------------++-------
Melee: Dagger            ||    37
       Spear             ||    31
 Cast: Freeze            ||    37
       Frozen Ramparts   ||     5
 Stab: Sleeping          ||     7
Armor: Robe              ||    21
Dodge: Dodged            ||    63

Table legend: (Time is in decaauts)
 A = Elapsed time spent in this place.
 B = Non-inter-level travel time spent in this place.
 C = Inter-level travel time spent in this place.
 D = Time resting spent in this place.
 E = Time spent auto-exploring this place.
 F = Levels seen in this place.
 G = Mean time per level.
                   A        B        C        D        E       F      G
               +--------+--------+--------+--------+--------+-----+--------+
         Total |   1549 |   1528 |     21 |    199 |   1054 |   2 |  774.5 |
       Dungeon |   1549 |   1528 |     21 |    199 |   1054 |   2 |  774.5 |
               +--------+--------+--------+--------+--------+-----+--------+

Top non-repeatable levels by time:
     D:1: 1239 daAuts
     D:2: 310 daAuts
